 Dungeon Crawl Stone Soup version 0.28-a0-529-g3bad584f25 (webtiles) character file.

Game seed: 611771943617974445

128 spiderkeys the Skirmisher (level 5, -2/47 HPs)
             Began as a Gnoll Abyssal Knight on Sept 24, 2021.
             Was a Believer of Lugonu.
             Slain by a river rat (8 damage)
             ... in a sewer.
             The game lasted 00:04:41 (2645 turns).

spiderkeys the Skirmisher (Gnoll Abyssal Knight)    Turns: 2645, Time: 00:04:41

Health: -2/47      AC:  6    Str: 17 (20) XL:     5   Next: 11%
Magic:  7/8        EV: 11    Int:  8 (9)  God:    Lugonu [**....]
Gold:   83         SH:  0    Dex: 11 (12) Spells: 6/6 levels left

rFire   . . .      SeeInvis .   a - +1 spear
rCold   . . .      Faith    .   (no shield)
rNeg    . . .      Spirit   .   f - +0 ring mail
rPois   .          Reflect  .   (no helmet)
rElec   .          Harm     .   (no cloak)
rCorr   .          Rampage  .   (no gloves)
Will    .....                   (no boots)
Stlth   +.........              (no amulet)
HPRegen 0.15/turn               S - +6 ring of strength
MPRegen 0.11/turn               (no ring)

@: no status effects
A: fangs 1, strong nose, distributed training
a: Renounce Religion, Depart the Abyss, Bend Space


You were in a sewer.
You worshipped Lugonu.
Lugonu was pleased with you.
You visited 1 branch of the dungeon, and saw 3 of its levels.
You visited the Abyss 1 time.
You also visited: Sewer.

You collected 83 gold pieces.


Innate Abilities, Weirdness & Mutations

You have very sharp teeth.
Your uncanny sense of smell can sniff out nearby items.
Your experience applies equally to all skills.


   Skills:
 + Level 6.6 Fighting
 + Level 1.3 Short Blades
 + Level 1.3 Long Blades
 + Level 1.3 Axes
 + Level 1.3 Maces & Flails
 + Level 4.7 Polearms
 + Level 1.3 Staves
 + Level 1.3 Slings
 + Level 1.3 Bows
 + Level 1.3 Crossbows
 + Level 1.3 Throwing
 + Level 4.7 Armour
 + Level 2.9 Dodging
 + Level 1.3 Stealth
 + Level 1.3 Shields
 + Level 1.3 Unarmed Combat
 + Level 1.3 Spellcasting
 + Level 1.1 Conjurations
 + Level 1.1 Hexes
 + Level 1.1 Summonings
 + Level 1.1 Necromancy
 + Level 1.1 Translocations
 + Level 1.1 Transmutations
 + Level 1.1 Fire Magic
 + Level 1.1 Ice Magic
 + Level 1.1 Air Magic
 + Level 1.1 Earth Magic
 + Level 1.1 Poison Magic
 + Level 4.8 Invocations
 + Level 1.3 Evocations


You had 6 spell levels left.
You didn't know any spells.
Your spell library contained the following spells:

 Spells                   Type           Power      Damage    Failure   Level
 Blink                    Tloc           N/A        N/A       54%         2
 Manifold Assault         Tloc           2%         N/A       100%        5
 Storm Form               Tmut/Air       1%         N/A       100%        7

Inventory:

Hand Weapons
 a - a +1 spear (weapon)
 b - a +0 longbow
   (You found it on level 2 of the Abyss)
Missiles
 c - 32 arrows
 e - 49 stones
 i - 51 sling bullets
Armour
 f - a +0 ring mail (worn)
   (You found it on level 2 of the Dungeon)
Jewellery
 S - a +6 ring of strength (left hand)
   (You found it on level 2 of the Dungeon)
Scrolls
 d - a scroll of identify {@r1}
 g - 2 scrolls of noise {!r}
 h - 2 scrolls of teleportation {@r4}

Dungeon Overview and Level Annotations

Branches:
Dungeon (3/15)              Sewer (1/1)

Altars:

#.#
#.#
#.#
#r#
#r#
#r#
#r#
#r#
#@#
#.#
###


You could see a river rat and 4 rats.


Message History

You hit the river rat. The river rat completely misses you.
You closely miss the river rat. You hit the river rat.
The river rat barely misses you. 😮 HP[+1]
You barely miss the river rat. The river rat bites you!
* * * LOW HITPOINT WARNING * * *
😨 HP[-8]
You take 8 damage, and now have 18/47 hp.
You hit the river rat but do no damage. The river rat bites you.
* * * LOW HITPOINT WARNING * * *
😨 HP[-3]
You take 3 damage, and now have 15/47 hp.
You hit the river rat. The river rat barely misses you.
You hit the river rat but do no damage. The river rat bites you.
* * * LOW HITPOINT WARNING * * *
😱 HP[-6]
You take 6 damage, and now have 9/47 hp.
You closely miss the river rat. The river rat completely misses you.
You hit the river rat. The river rat closely misses you.
You closely miss the river rat. You bite the river rat. 😱 HP[+1]
You puncture the river rat!
You kill the river rat!
Lugonu accepts your kill.
You hear the brisk rusting of a drain very nearby.
Items here: ††††.
A river rat comes into view.
You enter the shallow water.
Moving in this stuff is going to be slow. 😱 HP[+1]
You open the door.
A rat comes into view.
Found a glowing drain.
There is an open door here.
You enter the shallow water.
Moving in this stuff is going to be slow.
The rat splashes around in the water.
The rat misses you.
The rat splashes around in the water.
There is a glowing drain here.
The rat bites you but does no damage. The river rat bites you.
* * * LOW HITPOINT WARNING * * *
The world spins around you as you enter the gateway.
You enter a sewer!
Found a gate leading back out of this place.
There is an empty arch of ancient stone here. 😱 HP[-3]
You take 3 damage, and now have 8/47 hp.
As you read the scroll labelled YCIUPNITAA, it crumbles to dust.
You hear a loud clanging noise!
It was a scroll of noise.
Okay, then.
Okay, then.
You feel better. 😨 HP[+8]
You regained 8 hp, and now have 16/47 hp.
It was a potion of degeneration.
There was something very wrong with that liquid.
You feel weakened.
You feel dopey.
You feel clumsy. The rat barely misses you.
Okay, then.
Reach: a) +1 spear
Press: ? - help, Dir - move target, f - river rat
Aim: a river rat (about 38% to evade your +1 spear)
You reach to attack!
You closely miss the river rat. The rat bites you but does no damage.
You hit the river rat but do no damage.
You bite the river rat, but do no damage.
The rat bites you but does no damage.
You hit the river rat but do no damage. The river rat bites you.
* * * LOW HITPOINT WARNING * * *
The rat bites you.
* * * LOW HITPOINT WARNING * * *
😱 HP[-6]
You take 6 damage, and now have 10/47 hp.
You hit the river rat but do no damage.
The river rat bites you but does no damage.
The rat misses you. 😱 HP[+1] Space bends around you!
You blink.
The rat bites you but does no damage. 😱 HP[-2] MP[-1]
You take 2 damage, and now have 9/47 hp.
You lost 1 mp, and now have 7/8 mp.
Reach: a) +1 spear
Press: ? - help, Dir - move target, f/p - river rat
Aim: a river rat (about 38% to evade your +1 spear)
You reach to attack!
You hit the river rat.
Reach: a) +1 spear
Press: ? - help, Dir - move target, f/p - river rat
Aim: a river rat (heavily wounded, about 38% to evade your +1 spear)
You reach to attack!
You hit the river rat but do no damage. You barely miss the river rat.
The river rat bites you.
* * * LOW HITPOINT WARNING * * *
😱 HP[-4]
You take 4 damage, and now have 5/47 hp.
You hit the river rat. 😱 HP[+1]
You hit the river rat but do no damage. The river rat bites you!
You die...

Skill      XL: |  1  2  3  4 |
---------------+-------------+-----
Short Blades   | 1 |  1.3
Long Blades    | 1 |  1.3
Axes           | 1 |  1.3
Maces & Flails | 1 |  1.3
Staves         | 1 |  1.3
Slings         | 1 |  1.3
Bows           | 1 |  1.3
Crossbows      | 1 |  1.3
Throwing       | 1 |  1.3
Stealth        | 1 |  1.3
Shields        | 1 |  1.3
Unarmed Combat | 1 |  1.3
Spellcasting   | 1 |  1.3
Evocations     | 1 |  1.3
Conjurations   | 1 |  1.1
Hexes          | 1 |  1.1
Summonings     | 1 |  1.1
Necromancy     | 1 |  1.1
Translocations | 1 |  1.1
Transmutations | 1 |  1.1
Fire Magic     | 1 |  1.1
Ice Magic      | 1 |  1.1
Air Magic      | 1 |  1.1
Earth Magic    | 1 |  1.1
Poison Magic   | 1 |  1.1
Fighting       | |  6.6
Polearms       | |  4.7
Armour         | |  4.7
Dodging        | |  2.9
Invocations    | |  4.8

Action                   |  1- 3 |  4- 6 || total
-------------------------+-------+-------++-------
Melee: Spear             |   145 |    91 ||   236
       Bite              |    12 |     9 ||    21
Invok: Depart the Abyss  |     1 |       ||     1
       Bend Space        |       |     1 ||     1
  Use: Scroll            |     3 |     1 ||     4
       Potion            |       |     2 ||     2
 Stab: Sleeping          |     1 |     1 ||     2
       Distracted        |     1 |       ||     1
Armor: Leather armour    |    12 |       ||    12
       Ring mail         |    27 |    25 ||    52
Dodge: Dodged            |    70 |    42 ||   112

Levels and vault maps discovered:
D:1:      zaba_arrival_water, layout_loops_cross, nrook_loot_triangle
D:2:      layout_loops_corners, minmay_misc_feat_room
D:3:      layout_basic, grunt_dithmenos_smoke, serial_shops,
          nicolae_shop_window_shopping, portal_sewer_entry_e,
          shapermc_ecumenical_altar_notcrosses
Sewer:    sewer_kobolds

Notes
Turn   | Place    | Note
-------+----------+-------------------------------------------
     0 | Abyss:1  | spiderkeys the Gnoll Abyssal Knight began the quest for the
                  | Orb.
     0 | Abyss:1  | Reached XP level 1. HP: 23/23 MP: 3/3
     0 | Abyss:1  | magus.rc [v1.9.10]
    58 | Abyss:2  | Noticed a large abomination
    64 | Abyss:2  | Noticed a thrashing horror
    66 | D:1      | You pass through the gate.
    66 | D:1      | Escaped the Abyss
   165 | D:1      | Reached * piety under Lugonu
   166 | D:1      | Reached XP level 2. HP: 28/29 MP: 5/5
   542 | D:1      | You add the spells Blink, Manifold Assault and Storm Form
                  | to your library.
   865 | D:1      | Reached XP level 3. HP: 31/35 MP: 6/6
  1638 | D:2      | Reached skill level 1 in Short Blades
  1638 | D:2      | Reached skill level 1 in Long Blades
  1638 | D:2      | Reached skill level 1 in Axes
  1638 | D:2      | Reached skill level 1 in Maces & Flails
  1638 | D:2      | Reached skill level 1 in Staves
  1638 | D:2      | Reached skill level 1 in Slings
  1638 | D:2      | Reached skill level 1 in Bows
  1638 | D:2      | Reached skill level 1 in Crossbows
  1638 | D:2      | Reached skill level 1 in Throwing
  1638 | D:2      | Reached skill level 1 in Stealth
  1638 | D:2      | Reached skill level 1 in Shields
  1638 | D:2      | Reached skill level 1 in Unarmed Combat
  1638 | D:2      | Reached skill level 1 in Spellcasting
  1638 | D:2      | Reached skill level 1 in Evocations
  1998 | D:2      | Reached XP level 4. HP: 41/41 MP: 7/7
  2295 | D:3      | Reached ** piety under Lugonu
  2303 | D:3      | Reached skill level 1 in Conjurations
  2303 | D:3      | Reached skill level 1 in Hexes
  2303 | D:3      | Reached skill level 1 in Summonings
  2303 | D:3      | Reached skill level 1 in Necromancy
  2303 | D:3      | Reached skill level 1 in Translocations
  2303 | D:3      | Reached skill level 1 in Transmutations
  2303 | D:3      | Reached skill level 1 in Fire Magic
  2303 | D:3      | Reached skill level 1 in Ice Magic
  2303 | D:3      | Reached skill level 1 in Air Magic
  2303 | D:3      | Reached skill level 1 in Earth Magic
  2303 | D:3      | Reached skill level 1 in Poison Magic
  2356 | D:3      | Found Pywkiso's Antique Armour Shop.
  2606 | D:3      | Reached XP level 5. HP: 25/47 MP: 8/8
  2615 | D:3      | HP: 9/47 [river rat (6)]
  2625 | D:3      | Found a glowing drain.
  2629 | D:3      | HP: 7/47 [river rat (4)]
  2630 | Sewer    | Entered a sewer
  2636 | Sewer    | HP: 10/47 [rat (2)]
  2643 | Sewer    | HP: 5/47 [river rat (4)]
  2645 | Sewer    | Slain by a river rat

Vanquished Creatures
  4 adders
  3 river rats (D:3)
  A worm (D:2)
  A dart slug (D:1)
  An orc (D:3)
  2 ball pythons
  4 endoplasms
  3 giant cockroaches
  3 goblins
  6 hobgoblins
  3 jackals (D:1)
  5 kobolds
  3 quokkas
  6 bats
  5 frilled lizards
  12 rats
62 creatures vanquished.

Table legend:
 A = Non-vault XP
 B = Vault XP
 C = Vault XP percentage of total XP
 D = Non-vault monster count
 E = Vault monster count
 F = Vault count percentage of total count
                 A         B        C        D         E       F
            +---------+---------+-------+---------+---------+-------
      Total |     141 |      42 |  23.0 |      56 |       6 |   9.7
            +---------+---------+-------+---------+---------+-------
        D:1 |      44 |       0 |   0.0 |      25 |       0 |   0.0
        D:2 |      57 |       0 |   0.0 |      22 |       0 |   0.0
        D:3 |      40 |      42 |  51.2 |       9 |       6 |  40.0
            +---------+---------+-------+---------+---------+-------

Illustrated notes

Table legend:
 A = Kills in this place as a percentage of kills in entire the game.
 B = Kills by you in this place as a percentage of kills by you in the entire game.
 C = Kills by friends in this place as a percentage of kills by friends in the entire game.
 D = Other kills in this place as a percentage of other kills in the entire game.
 E = Experience gained in this place as a percentage of experience gained in the entire game.
 F = Experience gained in this place divided by the number of levels of this place that you have seen.
                   A       B       C       D       E      F
               +-------+-------+-------+-------+-------+----------------------
         Total | 100.0 | 100.0 |   N/A |   N/A | 100.0 |  30.5
       Dungeon | 100.0 | 100.0 |   N/A |   N/A | 100.0 |  61.0
               +-------+-------+-------+-------+-------+----------------------

Table legend: (Time is in decaauts)
 A = Elapsed time spent in this place.
 B = Non-inter-level travel time spent in this place.
 C = Inter-level travel time spent in this place.
 D = Time resting spent in this place.
 E = Time spent auto-exploring this place.
 F = Levels seen in this place.
 G = Mean time per level.
                   A        B        C        D        E       F      G
               +--------+--------+--------+--------+--------+-----+--------+
         Total |   2622 |   2562 |     60 |      0 |   1840 |   6 |  437.0 |
       Dungeon |   2542 |   2482 |     60 |      0 |   1840 |   3 |  847.3 |
         Abyss |     65 |     65 |      0 |      0 |      0 |   2 |   32.5 |
         Sewer |     13 |     13 |      0 |      0 |      0 |   1 |   13.0 |
               +--------+--------+--------+--------+--------+-----+--------+

Top non-repeatable levels by time:
     D:1: 1093 daAuts
     D:2: 1082 daAuts
     D:3: 366 daAuts
 Abyss:2: 43 daAuts
 Abyss:1: 22 daAuts
   Sewer: 13 daAuts
